 Dungeon Crawl Stone Soup version 0.31.0-32-g396128a36d (webtiles) character file.

Game seed: 13069331824058511707

333 Alphaeus the Ruffian (level 6, -2/57 HPs)
             Began as a Troll Shapeshifter on Mar 20, 2024.
             Slain by a gnoll
             ... wielding a +0 club
              (4 damage)
             ... on level 4 of the Dungeon.
             The game lasted 00:02:54 (2151 turns).

Alphaeus the Ruffian (Troll Shapeshifter)           Turns: 2151, Time: 00:02:54

Health: -2/57      AC:  4    Str: 23    XL:     6   Next: 27%
Magic:  5/5        EV:  9    Int:  8    God:
Gold:   177        SH:  0    Dex:  9    Spells: 5/5 levels left

rFire   . .          .
                       - Unarmed
rCold   . . .        (no shield)
rNeg    . . .        a - +0 animal skin
rPois   .            (helmet currently unavailable)
rElec   .            (cloak currently unavailable)
rCorr   .            (gloves unavailable)
SInv    .            (boots unavailable)
Will    .....        (no amulet)
Stlth   +            (no ring)
HPRegen 1.09/turn    (no ring)
MPRegen 0.09/turn

%: no passive effects
@: beast-form
A: beast (slay +2), large, unfitting armour, claws 3, regeneration 1, shaggy fur
1, tough skin 1
a: Begin Untransformation


You were on level 4 of the Dungeon.
You were a hulking beast.
You visited 1 branch of the dungeon, and saw 4 of its levels.

You collected 177 gold pieces.

Inventory:

Armour
 a - a +0 animal skin (worn)
Talismans
 c - a beast talisman
 d - a flux talisman
Scrolls
 e - 3 scrolls of identify {unknown}
 i - 3 scrolls of poison {unknown}
 j - 2 scrolls of immolation {unknown}
 l - 2 scrolls of teleportation {unknown}
 m - a scroll of fear {unknown}
 n - a scroll of silence {unknown}
Potions
 b - a potion of lignification
 f - 6 potions of curing {unknown}
 g - 2 potions of magic {unknown}
 h - a potion of degeneration {unknown}
 k - a potion of mutation {unknown}


   Skills:
 + Level 2.3 Fighting
 - Level 1.5 Dodging
 * Level 5.0 Unarmed Combat
 * Level 4.7 Shapeshifting


You had 5 spell levels left.
You didn't know any spells.
Your spell library contained the following spells:

 Spells                   Type           Power      Damage    Failure   Level
 Dazzling Flash           Conj/Hex       0%         N/A       78%         3
 Mephitic Cloud           Conj/Alch/Air  0%         N/A       78%         3
 Curse of Agony           Necr           0%         N/A       100%        5
 Silence                  Hex/Air        0%         N/A       100%        5


Dungeon Overview and Level Annotations

Branches:
Dungeon (4/15)
 Temple: D:4-7

Altars:

Shops:
D:4 *!:

Annotations:
D:4 Duvessa


Innate Abilities, Weirdness & Mutations

You are a hulking beast.
Your limbs bulge with bestial killing power. (Slay +2)
You are too large for most types of armour.
You have claws for hands.
Your natural rate of healing is unusually fast.
You are covered in fur. (AC +1)
You have tough skin. (AC +1)


Message History

You feel stronger.
You claw the orc!
You kill the orc!
Duvessa, Sister of Dowan comes into view.
She is wielding a +0 short sword.
A gnoll comes into view. It is wielding a +0 club.
The gnoll shouts!
A gnoll comes into view. It is wielding a +0 halberd.
You see here a +0 hand axe.
You barely miss Duvessa.
The gnoll shouts!
Duvessa hits you with a +0 short sword.
You scratch Duvessa.
Duvessa is lightly wounded.
Duvessa hits you with a +0 short sword!
You scratch Duvessa.
Duvessa is moderately wounded.
The gnoll hits you from afar with a +0 halberd!
The gnoll hits you with a +0 club. Duvessa hits you with a +0 short sword.
You are too injured to fight recklessly!
You are too injured to fight recklessly!
You are too injured to fight recklessly!
You are too injured to fight recklessly!
You are too injured to fight recklessly!
You are too injured to fight recklessly!
You are too injured to fight recklessly!
You are too injured to fight recklessly!
You are too injured to fight recklessly!
You are too injured to fight recklessly!
You are too injured to fight recklessly!
You are too injured to fight recklessly!
You are too injured to fight recklessly!
You are too injured to fight recklessly!
You scratch Duvessa.
Duvessa is moderately wounded.
Duvessa hits you with a +0 short sword!
* * * LOW HITPOINT WARNING * * *
The gnoll hits you from afar with a +0 halberd!
* * * LOW HITPOINT WARNING * * *
The gnoll hits you with a +0 club.
You die...

### ..### ####.###.# #.#<#
####........# #.#.#
............# ##)#.#
............# +....#
............## ##.###
.........g...# #...#
#.....e.....# .# #.#.#
#...!.hg....###.## ##..#
#.................# ###..#
#....†)...........+
#....####.................#
#...∩...#.....)...........+
####....#.................#
###..###.................#
#....# #.................#
#....# #.........).......#


You could see Duvessa and 2 gnolls.

Vanquished Creatures
  Eustachio (D:4)
  Jessica (D:3)
  Natasha (twice) (D:4)
  Robin (D:2)
  3 adders (D:2)
  4 ribbon worms
  2 orcs
  4 ball pythons (D:1)
  6 bats
  3 endoplasms
  4 giant cockroaches
  14 goblins
  5 hobgoblins
  6 quokkas
  4 frilled lizards
  4 kobolds
  6 rats
70 creatures vanquished.

Notes
Turn   | Place    | Note
-------+----------+-------------------------------------------
     0 | D:1      | Alphaeus the Troll Shapeshifter began the quest for the
                  | Orb.
     0 | D:1      | Reached XP level 1. HP: 18/18 MP: 0/0
    45 | D:1      | Reached skill level 1 in Fighting
    73 | D:1      | Reached XP level 2. HP: 27/27 MP: 1/1
   648 | D:2      | Reached XP level 3. HP: 21/33 MP: 2/2
   826 | D:2      | Noticed Robin
   845 | D:2      | Reached XP level 4. HP: 17/41 MP: 3/3
   857 | D:2      | Killed Robin
   858 | D:2      | Reached skill level 4 in Unarmed Combat
  1700 | D:3      | Found a faded altar of an unknown god.
  1712 | D:3      | Noticed Jessica
  1730 | D:3      | Killed Jessica
  1807 | D:3      | Reached XP level 5. HP: 48/49 MP: 4/4
  2007 | D:4      | Found Uridd's Distillery.
  2032 | D:4      | Found Ickipim's Assorted Antiques.
  2039 | D:4      | Found Oniyqor's Book Shoppe.
  2114 | D:4      | Noticed Natasha
  2119 | D:4      | Killed Natasha
  2127 | D:4      | Noticed Eustachio
  2134 | D:4      | Noticed Natasha
  2142 | D:4      | Killed Natasha
  2143 | D:4      | Killed Eustachio
  2144 | D:4      | Reached skill level 5 in Unarmed Combat
  2144 | D:4      | Reached XP level 6. HP: 51/57 MP: 5/5
  2144 | D:4      | Noticed Duvessa
  2151 | D:4      | HP: 2/57 [gnoll/+0 halberd (14)]
  2151 | D:4      | Slain by a gnoll

Illustrated notes

Levels and vault maps discovered:
D:1:      heliophobic_arrival_battle_scene, layout_loops_cross
D:2:      layout_basic, uniq_robin
D:3:      layout_loops_corners, ebering_ecumenical_altar_rust, uniq_jessica
D:4:      layout_basic, serial_shops, nicolae_square_shop,
          nicolae_shop_tiny_real_fake_doors, shop, shop, uniq_eustachio,
          uniq_natasha, uniq_duvessa

Skill      XL: |  1  2  3  4  5 |
---------------+----------------+-----
Fighting       | 1 2 |  2.3
Unarmed Combat | 4 5 |  5.0
Shapeshifting  | 4 |  4.7
Dodging        | |  1.5

Action                     |  1- 3 |  4- 6 || total
---------------------------+-------+-------++-------
  Melee: Unarmed           |    72 |    93 ||   165
         Punch             |     1 |     1 ||     2
 Armour: Animal skin       |    62 |    56 ||   118
  Dodge: Dodged            |    35 |    30 ||    65
